 Dungeon Crawl Stone Soup version 0.22.0-60-ga52c2fc (webtiles) character file.

196361 Nydiazath the Imperceptible (level 17, -6/89 HPs)
             Began as a Spriggan Enchanter on Sept 8, 2018.
             Was the Champion of Dithmenos.
             Killed by the raging water
             ... invoked by a water nymph
              (21 damage)
             ... on level 1 of the Shoals on Sept 9, 2018.
             The game lasted 02:34:42 (38721 turns).

Nydiazath the Imperceptible (Spriggan Enchanter)   Turns: 38721, Time: 02:34:43

Health: -6/89      AC: 10    Str:  4    XL:     17   Next: 74%
Magic:  30/34      EV: 31    Int: 22    God:    Dithmenos [******]
Gold:   648        SH: 11    Dex: 18    Spells: 10/40 levels left

rFire    . . .     SeeInvis +   m - +4 dagger (elec)
rCold    + + +     Gourm    .   D - +3 buckler {reflect}
rNeg     . . .     Faith    .   v - +4 skin of Zhor {rC+++}
rPois    +         Spirit   .   C - +1 hat
rElec    .         Reflect  +   U - +2 cloak
rCorr    .         Harm     .   (gloves unavailable)
MR       +++..                  (boots unavailable)
Stlth    ++++++++..             (no amulet)
HPRegen  0.24/turn              y - ring of wizardry
MPRegen  0.24/turn              x - ring of poison resistance

@: very slightly contaminated, wreathed by umbra, deflect missiles, slow
A: very small, unfitting armour, see invisible, herbivore, speed 3, magic
resistance 1, slow metabolism 2, MP-powered wands
}: 1/15 runes: gossamer
a: Shadow Step, Shadow Form, Renounce Religion


You were on level 1 of the Shoals.
You worshipped Dithmenos.
Dithmenos was exalted by your worship.
You were very full.

You visited 5 branches of the dungeon, and saw 28 of its levels.
You visited 1 bazaar.
You also visited: Bailey.

You collected 2936 gold pieces.
You spent 2288 gold pieces at shops.

Inventory:

Hand Weapons
 a - a +1 dagger
 e - a +4 dagger of freezing
 m - a +4 dagger of electrocution (weapon)
Armour
 l - a +1 robe of magic resistance
 v - the +4 skin of Zhor (worn) {rC+++}
   (You bought it in a shop on level 2 of the Orcish Mines)

   It renders you almost immune to cold.
 C - a +1 hat (worn)
 D - a +3 buckler of reflection (worn)
 U - a +2 cloak (worn)
 X - the +2 hat "Degifikh" {Str-4 Int+3 Dex+3}
   (You found it on level 3 of the Spider Nest)

   It affects your strength (-4).
   It affects your intelligence (+3).
   It affects your dexterity (+3).
Jewellery
 x - a ring of poison resistance (right hand)
 y - a ring of wizardry (left hand)
 F - an uncursed amulet of faith
 H - a +3 ring of intelligence
 I - an uncursed ring of protection from fire
 O - the ring "Buginus" {MR+ Dex+3 Stlth+}
   (You acquired it on level 5 of the Lair of Beasts)

   [ring of stealth]

   It affects your dexterity (+3).
   It affects your resistance to hostile enchantments.
   It makes you more stealthy.
 T - an uncursed ring of ice
 Z - an uncursed ring of stealth
Wands
 p - a wand of digging (41)
 t - a wand of polymorph (39)
 G - a wand of disintegration (26)
 J - a wand of random effects (52)
 K - a wand of acid (8)
 M - a wand of clouds (4)
 N - a wand of enslavement (2)
 Y - a wand of paralysis (7)
Scrolls
 b - a scroll of noise
 c - 4 scrolls of amnesia
 i - 2 scrolls of fear
 j - 13 scrolls of teleportation
 u - 4 scrolls of magic mapping
 w - 4 scrolls of identify
 B - 9 scrolls of remove curse
 L - a scroll of holy word
 P - 2 scrolls of blinking
 Q - a scroll of enchant armour
 R - 2 scrolls of enchant weapon
Potions
 f - 12 potions of curing
 g - 8 potions of lignification
 h - 4 potions of cancellation
 k - 4 potions of might
 n - 6 potions of brilliance
 o - 4 potions of flight
 q - 6 potions of heal wounds
 r - 3 potions of agility
 s - 4 potions of haste
 z - 6 potions of mutation
 A - 2 potions of invisibility
 E - 4 potions of ambrosia
 S - a potion of resistance
Miscellaneous
 V - a crystal ball of energy
 W - a lamp of fire
Comestibles
 d - 20 rations


   Skills:
 - Level 10.0 Fighting
 - Level 10.2 Short Blades
 - Level 15.0 Dodging
 + Level 22.6 Stealth
 - Level 7.2 Shields
 - Level 12.2 Spellcasting
 - Level 13.3 Hexes
 + Level 16.8 Charms
 + Level 9.0 Evocations


You had 10 spell levels left.
You knew the following spells:

 Your Spells              Type           Power        Failure   Level  Hunger
a - Corona                Hex            ######.      0%          1    None
b - Ensorcelled Hibernat  Hex/Ice        #####.       1%          2    None
c - Confuse               Hex            ######..     1%          3    None
d - Tukima's Dance        Hex            ######..     1%          3    None
e - Blink                 Tloc           N/A          3%          2    None
f - Shroud of Golubria    Chrm/Tloc      ######....   1%          2    None
g - Invisibility          Hex            ######..     1%          6    #####..
h - Regeneration          Chrm/Necr      ######....   1%          3    None
i - Summon Butterflies    Summ           ##......     1%          1    None
j - Deflect Missiles      Chrm/Air       ######....   10%         6    #####..
k - Shock                 Conj/Air       ##..         1%          1    None

Your spell library contained the following spells:

 Spells                   Type           Power        Failure   Level  Hunger
 Animate Skeleton         Necr           N/A          1%          1    None
 Freeze                   Ice            ##..         1%          1    None
 Magic Dart               Conj           ##..         1%          1    None
 Pain                     Necr           ##..         1%          1    None
 Slow                     Hex            ######..     1%          2    None
 Swiftness                Chrm/Air       ######..     1%          2    None
 Dazzling Spray           Conj/Hex       #####.       1%          3    None
 Ozocubu's Armour         Chrm/Ice       ######..     1%          3    None
 Cause Fear               Hex            ######....   1%          4    None
 Fulminant Prism          Conj/Hex       #####.....   1%          4    None
 Excruciating Wounds      Chrm/Necr      ######....   1%          5    ####...
 Darkness                 Hex            ######....   1%          6    #####..
 Call Imp                 Summ           ##......     3%          2    None
 Passwall                 Tmut/Erth      ##......     3%          2    None
 Searing Ray              Conj           ##....       3%          2    None
 Throw Frost              Conj/Ice       ##....       3%          2    None
 Metabolic Englaciation   Hex/Ice        #####.....   3%          5    ####...
 Silence                  Hex/Air        #####.....   3%          5    ####...
 Summon Mana Viper        Hex/Summ       #####...     3%          5    ####...
 Yara's Violent Unravell  Hex/Tmut       #####.....   3%          5    ####...
 Call Canine Familiar     Summ           ##......     6%          3    None
 Conjure Flame            Conj/Fire      ##......     6%          3    None
 Gell's Gravitas          Tloc           ##........   6%          3    None
 Lesser Beckoning         Tloc           ##........   6%          3    None
 Mephitic Cloud           Conj/Pois/Air  ##......     6%          3    None
 Static Discharge         Conj/Air       ##......     6%          3    None
 Teleport Other           Tloc           ##......     6%          3    None
 Vampiric Draining        Necr           ##........   6%          3    None
 Airstrike                Air            ##........   19%         4    None
 Animate Dead             Necr           N/A          19%         4    None
 Force Lance              Conj/Tloc      ##......     19%         4    None
 Ice Form                 Ice/Tmut       ##......     19%         4    None
 Iskenderun's Mystic Bla  Conj           ##......     19%         4    None
 Passage of Golubria      Tloc           N/A          19%         4    None
 Summon Ice Beast         Ice/Summ       ##......     19%         4    None
 Throw Icicle             Conj/Ice       ##......     19%         4    None
 Lee's Rapid Deconstruct  Erth           ##........   45%         5    ####...
 Lightning Bolt           Conj/Air       ##........   45%         5    ####...
 Discord                  Hex            ######....   45%         8    #######
 Bolt of Cold             Conj/Ice       ##........   95%         6    #####..
 Freezing Cloud           Conj/Ice/Air   ##........   95%         6    #####..
 Ozocubu's Refrigeration  Ice            ##........   95%         6    #####..
 Simulacrum               Ice/Necr       ##........   95%         6    #####..
 Summon Hydra             Summ           ##........   100%        7    #######


Dungeon Overview and Level Annotations

Branches:
Dungeon (15/15)            Temple (0/1) D:7            Lair (6/6) D:9
 Shoals (1/4) Lair:4       Spider (4/4) Lair:4        Slime (0/5) Lair:6
    Orc (2/2) D:10            Elf (0/3) Orc:2        Vaults (0/5) D:13
 Depths (0/5) D:15

Altars:
Ashenzari
Dithmenos
Elyvilon
Fedhas
Gozag
Hepliaklqana
Makhleb
Qazlal
Sif Muna
Trog
Uskayaw
Wu Jian
Xom
Yredelemnul
Zin
Beogh
Jiyva

Shops:
D:10 ?   Orc:2 *(:[(


Innate Abilities, Weirdness & Mutations

You are very small and have problems with some larger weapons.
You are too small for most types of armour.
You have supernaturally acute eyesight. (SInv)
You are a herbivore.
You cover ground extremely quickly.
You need to consume almost no food.
You are resistant to hostile enchantments. (MR+)
You expend magic power (3 MP) to strengthen your wands.


Message History

The water nymph closely misses you.
The water nymph gestures at you while chanting.
The water swirls and strikes you!
You emit a cloud of dark smoke.
You see here a tomahawk.
The water nymph points at you and mumbles some strange words.
The water swirls and strikes you!
You emit a cloud of dark smoke.
You block the water nymph's attack.
Splash!
You fall into the shallow water.
Moving in this stuff is going to be slow.
You see here 8 arrows.
A manticore comes into view.
You enter the shallow water.
Moving in this stuff is going to be slow.
The water nymph points at you and mumbles some strange words.
The water swirls and strikes you!
* * * LOW HITPOINT WARNING * * *
The water nymph points at you and mumbles some strange words.
The water swirls and strikes you!
You die...

..P..≈≈... ≈≈≈ ≈≈≈≈≈.###..≈
##..≈≈≈.##..≈≈≈≈≈≈≈≈≈≈≈≈≈≈....≈≈≈
##..≈P≈P.##≈≈≈≈≈≈≈≈H≈≈≈≈.≈...<≈≈≈
P#≈≈≈≈≈≈≈≈≈≈≈≈≈≈≈≈≈≈≈≈≈≈.....≈≈≈≈
≈≈≈≈(≈≈≈≈≈≈≈≈≈≈≈≈≈≈≈≈≈≈≈≈≈≈≈≈≈≈≈≈
≈≈≈≈P≈≈≈P≈≈§≈§≈≈≈≈≈≈≈≈≈.≈≈≈≈≈≈≈≈≈
≈≈m≈≈≈≈≈≈≈≈§§§≈≈≈≈≈≈≈≈..≈≈≈≈≈≈≈≈≈
≈≈.≈≈≈≈§§§≈§§≈≈≈≈≈≈≈≈≈.≈≈≈≈≈≈≈≈≈≈
≈≈≈m≈≈m§§§§§§..≈@≈≈≈≈...≈≈>≈≈≈≈≈≈
≈≈≈m≈≈≈§§§§##..≈≈≈≈≈......≈≈≈.≈≈.
≈≈≈≈)≈≈≈§§§§#≈≈≈≈........≈≈≈≈≈...
≈≈≈≈.≈≈≈§§§mmm≈≈.....##.≈≈≈≈≈....
≈≈..)[...§§§§≈≈≈≈≈≈...#.≈≈..≈..#.
≈≈.)##..#§...≈≈≈≈≈≈...≈>≈≈≈≈..##.
≈..#######....≈≈≈≈≈.≈..≈≈..≈≈.###
..## #.......≈....≈.......≈≈...
(.# #...##.....#).≈≈≈≈≈≈≈..≈...


You could see a merfolk aquamancer, a manticore (sleeping) and 2 water nymphs.

Vanquished Creatures
  Arachne (Spider:2)
  Kirke (Spider:2)
  A fire giant (D:15)
  4 ghost moths
  4 emperor scorpions
  5 entropy weavers
  A stone giant (Orc:1)
  The ghost of Troxan the Blocker, a journeyman MiFi of Trog (Spider:1)
  A spark wasp (Spider:4)
  Josephine (D:13)
  Harold (D:8)
  4 vault guards (D:13)
  A merfolk avatar (Lair:6)
  A catoblepas (Lair:3)
  3 hydras
  6 two-headed ogres
  A centaur warrior (D:15)
  A merfolk aquamancer (Shoals:1)
  7 dancing weapons (Spider:3)
  8 death scarabs (Spider:4)
  2 orc high priests (Orc:2)
  A queen ant (Lair:6)
  Urug (Lair:1)
  Sonja (D:13)
  A slime creature (D:11)
  A fire crab (Lair:6)
  3 sea snakes (Shoals:1)
  A skeletal warrior (D:13)
  A spectral emperor scorpion (Spider:4)
  2 unseen horrors
  4 spectral wolf spiders
  8 orc knights
  3 wolf spider zombies
  26 orb spiders
  A necromancer (D:13)
  38 wolf spiders
  4 orc sorcerers (Orc:2)
  2 manticores
  9 ugly things
  2 oklob plants (Lair:5)
  2 moths of wrath (Spider:4)
  4 cyclopes
  3 elephants
  A water nymph (Shoals:1)
  4 black mambas
  13 spiny frogs
  3 torpor snails
  8 rime drakes
  2 redback zombies (Spider:4)
  13 demonic crawlers
  6 spectral redbacks (Spider:4)
  8 trolls
  10 komodo dragons
  A queen bee (Lair:2)
  4 polar bears (Lair:6)
  5 merfolk (Shoals:1)
  A spectral tarantella (Spider:4)
  53 jumping spiders
  2 wind drakes (Lair:6)
  3 tarantella zombies (Spider:4)
  3 spectral jumping spiders (Spider:4)
  12 dream sheep
  3 jumping spider zombies (Spider:4)
  8 blink frogs
  6 hornets
  11 hippogriffs
  A snapping turtle (Shoals:1)
  4 flying skulls
  2 water elementals (Shoals:1)
  8 wyverns
  87 redbacks
  3 shadows (D:13)
  60 tarantellas
  35 yaks
  11 wraiths
  2 basilisks (Lair:4)
  Grum (D:10)
  3 steam dragons
  7 vampire mosquitoes
  2 hungry ghosts
  5 wargs
  22 soldier ants
  18 water moccasins
  11 porcupines
  Duvessa (D:7)
  3 hornet zombies
  A spectral hornet (Spider:4)
  3 sky beasts
  2 phantoms
  2 black bears
  15 ogres
  28 orc warriors
  2 ice beasts
  14 wolves
  5 centaurs
  11 crocodiles
  5 big kobolds
  2 wyvern zombies (D:13)
  12 bullfrogs
  A gnoll sergeant (D:10)
  Dowan (D:7)
  2 wyvern skeletons
  2 scorpions
  39 killer bees
  3 wights (D:13)
  4 howler monkeys
  4 electric eels
  4 bullfrog zombies
  3 centaur zombies
  5 crimson imps
  5 jellies
  8 hounds
  19 orc priests
  2 bullfrog skeletons
  7 iguanas
  9 centaur skeletons
  Ijyb (D:5)
  Terence (D:1)
  21 orc wizards
  7 hell rats (Lair:4)
  20 worker ants
  A hound zombie (D:5)
  4 gnolls
  2 howler monkey skeletons (D:4)
  27 adders
  2 shadow imps
  7 oozes
  An adder zombie (D:5)
  An adder skeleton (D:4)
  3 worms
  4 dart slugs
  5 leopard geckos
  98 orcs
  3 ball pythons
  7 giant cockroaches
  11 goblins
  8 hobgoblins
  15 jackals
  6 quokkas
  5 bats
  4 frilled lizards
  22 kobolds
  A leopard gecko skeleton (D:4)
  4 rats
  A plant (Lair:5)
1151 creatures vanquished.

Vanquished Creatures (collateral kills)
  3 vault guards (D:13)
  A two-headed ogre (D:13)
  An orc high priest (Orc:2)
  An orc knight (Bailey)
  2 orc warriors
  An ogre (D:10)
  An orc wizard (Orc:2)
  3 orcs
13 creatures vanquished.

Vanquished Creatures (others)
  A jumping spider (Spider:4)
  7 dancing weapons
  A human (Spider:3)
  An orc priest (Orc:2)
  An orc wizard (Orc:2)
  12 fungi
  28 plants
51 creatures vanquished.

Grand Total: 1215 creatures vanquished

Notes
Turn   | Place    | Note
-------+----------+-------------------------------------------
     0 | D:1      | Nydiazath the Spriggan Enchanter began the quest for the
                  | Orb.
     0 | D:1      | Reached XP level 1. HP: 9/9 MP: 5/5
   315 | D:2      | Reached XP level 2. HP: 13/13 MP: 4/6
   319 | D:2      | Learned a level 2 spell: Ensorcelled Hibernation
   336 | D:2      | Found a hazy altar of Hepliaklqana.
   336 | D:2      | Found a stormy altar of Qazlal.
   339 | D:2      | Found an ornate altar of the Wu Jian Council.
   416 | D:2      | Noticed Terence
   424 | D:1      | Reached skill level 5 in Stealth
   751 | D:1      | Reached XP level 3. HP: 4/16 MP: 1/8
  1637 | D:1      | Killed Terence
  1637 | D:1      | Reached XP level 4. HP: 9/21 MP: 4/10
  1943 | D:2      | Learned a level 3 spell: Confuse
  1947 | D:2      | Learned a level 3 spell: Tukima's Dance
  2033 | D:2      | Found a hide-covered altar of Uskayaw.
  2034 | D:2      | Found a basalt altar of Yredelemnul.
  2217 | D:2      | Reached skill level 6 in Stealth
  2335 | D:3      | Found a glowing silver altar of Zin.
  2433 | D:3      | Reached XP level 5. HP: 18/24 MP: 6/12
  2540 | D:3      | Found an opulent altar of Gozag.
  3042 | D:3      | Found a shimmering altar of Xom.
  3124 | D:3      | Found a shattered altar of Ashenzari.
  3329 | D:4      | Reached skill level 5 in Dodging
  3393 | D:4      | Reached XP level 6. HP: 22/28 MP: 9/13
  4067 | D:4      | Found a burning altar of Makhleb.
  4126 | D:4      | Reached skill level 7 in Stealth
  4479 | D:5      | Entered Level 5 of the Dungeon
  4784 | D:5      | Reached skill level 5 in Spellcasting
  4792 | D:5      | Reached XP level 7. HP: 32/32 MP: 7/15
  4854 | D:5      | Found a shadowy altar of Dithmenos.
  5241 | D:5      | Noticed Ijyb
  5249 | D:5      | Killed Ijyb
  5249 | D:5      | Reached skill level 8 in Stealth
  5312 | D:5      | Became a worshipper of Dithmenos the Shadowed
  5746 | D:6      | Found a white marble altar of Elyvilon.
  5791 | D:6      | Reached XP level 8. HP: 30/36 MP: 11/18
  5973 | D:6      | Reached skill level 5 in Short Blades
  6417 | D:6      | Found a deep blue altar of Sif Muna.
  6417 | D:6      | Found a bloodstained altar of Trog.
  6689 | D:7      | Reached skill level 9 in Stealth
  7080 | D:7      | Found a staircase to the Ecumenical Temple.
  7096 | D:7      | Reached * piety under Dithmenos
  7277 | D:7      | Noticed Dowan
  7279 | D:7      | Noticed Duvessa
  7296 | D:7      | Killed Duvessa
  7306 | D:8      | Reached skill level 10 in Stealth
  7814 | D:7      | Killed Dowan
  7814 | D:7      | Reached XP level 9. HP: 39/39 MP: 17/21
  7978 | D:8      | Noticed a two-headed ogre
  7991 | D:8      | Killed a two-headed ogre
  7991 | D:8      | Reached skill level 10 in Dodging
  7991 | D:8      | Reached skill level 11 in Stealth
  8542 | D:8      | Noticed Harold
  8829 | D:8      | Reached skill level 12 in Stealth
  9260 | D:8      | HP: 1/39 [Harold/battleaxe of chopping (1)]
  9572 | D:8      | Killed Harold
  9572 | D:8      | Reached skill level 5 in Hexes
  9572 | D:8      | Reached XP level 10. HP: 44/44 MP: 18/22
  9704 | D:9      | Reached ** piety under Dithmenos
 10185 | D:9      | Noticed a two-headed ogre
 10193 | D:9      | Killed a two-headed ogre
 10193 | D:9      | Reached skill level 10 in Short Blades
 10336 | D:9      | Reached skill level 1 in Fighting
 10615 | D:9      | Noticed a white ugly thing
 10619 | D:9      | Killed a white ugly thing
 10710 | D:9      | Found a staircase to the Lair.
 10741 | D:10     | Entered Level 10 of the Dungeon
 10761 | D:10     | Reached XP level 11. HP: 50/50 MP: 8/23
 10811 | D:10     | Found a staircase to the Orcish Mines.
 11116 | D:10     | Reached *** piety under Dithmenos
 11325 | D:10     | Found a flagged portal.
 11336 | Bailey   | Entered a bailey
 11336 | Bailey   | Noticed an orc knight
 11336 | Bailey   | Noticed an orc knight
 11337 | Bailey   | Noticed an orc knight
 11337 | Bailey   | Noticed an orc knight
 11368 | Bailey   | Killed an orc knight
 11368 | Bailey   | Reached skill level 13 in Stealth
 11457 | Bailey   | Killed an orc knight
 11458 | Bailey   | Killed an orc knight
 11466 | Bailey   | Killed an orc knight
 11785 | D:10     | Found Borik's Magic Scroll Shoppe.
 11812 | D:10     | Bought a scroll of identify for 28 gold pieces
 11812 | D:10     | Bought a scroll of identify for 28 gold pieces
 11812 | D:10     | Bought a scroll of enchant weapon for 105 gold pieces
 11854 | D:10     | Noticed Grum
 12037 | D:10     | Noticed a two-headed ogre
 12046 | D:10     | Killed a two-headed ogre
 12049 | D:10     | Killed Grum
 12051 | D:10     | Reached skill level 10 in Hexes
 12572 | D:10     | Reached **** piety under Dithmenos
 13150 | D:11     | Noticed a brown ugly thing
 13151 | D:11     | Reached skill level 14 in Stealth
 13153 | D:11     | Killed a brown ugly thing
 13420 | D:11     | Noticed a purple ugly thing
 13425 | D:11     | Killed a purple ugly thing
 13535 | D:11     | Reached XP level 12. HP: 29/58 MP: 11/24
 14115 | D:12     | Reached ***** piety under Dithmenos
 14186 | D:12     | Found a flickering gateway to a bazaar.
 14192 | Bazaar   | Entered a bazaar
 14195 | Bazaar   | Found Qovapp's Weapon Shop.
 14205 | Bazaar   | Found Moolyurul's Book Shoppe.
 14232 | Bazaar   | Found Roriarong's Armour Boutique.
 14240 | Bazaar   | Found Veiprism's Assorted Antiques.
 14345 | Bazaar   | Bought a book of Spatial Translocations for 780 gold pieces
 14375 | Bazaar   | Bought a fuming emerald potion for 26 gold pieces
 14474 | D:12     | Reached skill level 5 in Fighting
 14486 | D:12     | Learned a level 2 spell: Blink
 14489 | D:12     | Learned a level 2 spell: Shroud of Golubria
 15254 | D:13     | Noticed a two-headed ogre
 15259 | D:13     | Noticed a two-headed ogre
 15265 | D:13     | Killed a two-headed ogre
 15265 | D:13     | Reached skill level 15 in Stealth
 15272 | D:13     | Killed a two-headed ogre
 15316 | D:13     | Noticed Josephine
 16021 | D:13     | Found a gate to the Vaults.
 16021 | D:13     | Noticed a vault guard
 16021 | D:13     | Noticed a vault guard
 16021 | D:13     | Noticed a vault guard
 16022 | D:13     | Noticed a vault guard
 16022 | D:13     | Noticed a vault guard
 16022 | D:13     | Noticed a vault guard
 16022 | D:13     | Noticed a vault guard
 16022 | D:13     | Noticed a vault guard
 16033 | D:13     | Killed a vault guard
 16039 | D:13     | Killed a vault guard
 16059 | D:13     | Killed a vault guard
 16072 | D:13     | Killed a vault guard
 16076 | D:13     | Noticed Sonja
 16997 | D:13     | Reached skill level 15 in Dodging
 16997 | D:13     | Reached XP level 13. HP: 65/65 MP: 15/25
 17313 | D:13     | Killed Sonja
 17420 | D:13     | Killed Josephine
 17953 | D:14     | Reached skill level 1 in Shields
 18059 | D:14     | Reached ****** piety under Dithmenos
 18830 | D:15     | Entered Level 15 of the Dungeon
 19102 | D:15     | Found a staircase to the Depths.
 19102 | D:15     | Noticed a fire giant
 19109 | D:15     | Killed a fire giant
 19109 | D:15     | Reached skill level 5 in Shields
 19388 | D:15     | Learned a level 6 spell: Invisibility
 19753 | Lair:1   | Entered Level 1 of the Lair of Beasts
 19811 | Lair:1   | Noticed Urug
 19819 | Lair:1   | Killed Urug
 20775 | Lair:2   | You fall through a shaft for 2 floors!
 20893 | Lair:4   | Reached XP level 14. HP: 70/70 MP: 27/27
 21084 | Lair:4   | Found a hole to the Spider Nest.
 21184 | Lair:4   | Found a staircase to the Shoals.
 21281 | Lair:4   | Gained mutation: You expend magic power (3 MP) to
                  | strengthen your wands. [potion of mutation]
 21281 | Lair:4   | Gained mutation: You are resistant to hostile enchantments.
                  | (MR+) [potion of mutation]
 22010 | Lair:2   | Found a blossoming altar of Fedhas.
 22837 | Lair:2   | Reached skill level 1 in Charms
 22966 | Lair:3   | Reached skill level 16 in Stealth
 23718 | Lair:3   | Upgraded the game from 0.22.0-49-gab54619 to
                  | 0.22.0-60-ga52c2fc
 24433 | Lair:5   | Identified 2 scrolls of acquirement
 24437 | Lair:5   | Got a slimy lead ring
 24439 | Lair:5   | Identified the ring "Buginus" {MR+ Dex+3 Stlth+} (You
                  | acquired it on level 5 of the Lair of Beasts)
 24691 | Lair:6   | Entered Level 6 of the Lair of Beasts
 24910 | Lair:6   | Found a viscous altar of Jiyva.
 24910 | Lair:6   | Found a staircase to the Slime Pits.
 25270 | Lair:6   | Reached skill level 5 in Charms
 25335 | Lair:6   | Reached skill level 10 in Spellcasting
 25899 | Lair:6   | Reached skill level 17 in Stealth
 26300 | Lair:6   | Reached XP level 15. HP: 78/78 MP: 23/30
 26327 | Lair:6   | Identified the Compendium of Ashen Sinister Magic
 27328 | Orc:1    | Entered Level 1 of the Orcish Mines
 27886 | Orc:2    | Entered Level 2 of the Orcish Mines
 27886 | Orc:2    | Found a staircase to the Elven Halls.
 28044 | Orc:2    | Found Riba Gai's Assorted Antiques.
 28051 | Orc:2    | Bought an agate ring for 130 gold pieces
 28051 | Orc:2    | Bought a runed cloak for 195 gold pieces
 28225 | Orc:2    | Found a roughly hewn altar of Beogh.
 29491 | Orc:2    | Found Ynekas's Weapon Shop.
 29491 | Orc:2    | Found Royblafa's Book Shoppe.
 29496 | Orc:2    | Found Hunaoph's Antique Weapon Shoppe.
 29496 | Orc:2    | Found Tuulusch's Armour Shop.
 29515 | Orc:2    | Bought the +4 skin of Zhor {rC+++} for 996 gold pieces
 29515 | Orc:2    | Found the +4 skin of Zhor {rC+++}
 29808 | Spider:1 | Entered Level 1 of the Spider Nest
 29831 | Spider:1 | Reached skill level 18 in Stealth
 29899 | Lair:4   | Learned a level 3 spell: Regeneration
 30092 | Spider:1 | Found a runed gate.
 30333 | Spider:1 | Found a runed gate.
 30337 | Spider:1 | Found a runed gate.
 30418 | Spider:1 | Noticed Troxan's ghost (journeyman MiFi)
 30820 | Spider:1 | Reached skill level 10 in Charms
 31499 | Spider:1 | Killed Troxan's ghost
 31499 | Spider:1 | Reached skill level 10 in Fighting
 31718 | Spider:2 | Reached XP level 16. HP: 85/85 MP: 33/33
 31776 | Spider:2 | Learned a level 1 spell: Summon Butterflies
 31801 | Spider:2 | Reached skill level 19 in Stealth
 31871 | Spider:2 | Noticed Kirke
 32013 | Spider:2 | Noticed Arachne
 32687 | Spider:2 | Killed Kirke
 32819 | Spider:2 | Killed Arachne
 32819 | Spider:2 | Reached skill level 20 in Stealth
 32828 | Spider:2 | Learned a level 6 spell: Deflect Missiles
 33699 | Spider:3 | Got a brightly glowing hat
 33710 | Spider:3 | Identified the +2 hat "Degifikh" {Str-4 Int+3 Dex+3} (You
                  | found it on level 3 of the Spider Nest)
 33710 | Spider:3 | Lost strength.
 33864 | Spider:3 | Found a runed door.
 34216 | Spider:3 | Reached skill level 21 in Stealth
 34506 | Spider:3 | Reached skill level 1 in Evocations
 34785 | Spider:4 | Entered Level 4 of the Spider Nest
 34921 | Spider:4 | Reached skill level 15 in Charms
 34921 | Spider:4 | Reached XP level 17. HP: 89/89 MP: 34/34
 35471 | Spider:4 | Reached skill level 5 in Evocations
 36342 | Spider:2 | Learned a level 1 spell: Shock
 37335 | Spider:4 | Reached skill level 22 in Stealth
 38252 | Spider:4 | Got a gossamer rune of Zot
 38443 | Shoals:1 | Entered Level 1 of the Shoals
 38721 | Shoals:1 | Killed from afar by a water nymph

Skill      XL: |  1  2  3  4  5  6  7  8  9 10 11 12 13 14 15 16 17 |
---------------+----------------------------------------------------+-----
Stealth        | 5 6 7 8 10 12 14 15 17 18 21 22 | 22.6
Spellcasting   | 3 4 5 6 7 8 10 12 | 12.2
Short Blades   | 2 3 4 6 8 10 | 10.2
Dodging        | 4 5 7 8 10 12 15 | 15.0
Hexes          | 5 8 10 12 13 | 13.3
Fighting       | 2 4 6 8 10 | 10.0
Shields        | 6 7 |  7.2
Charms         | 6 10 15 16 | 16.8
Evocations     | 3 9 |  9.0

Action                   |  1- 3 |  4- 6 |  7- 9 | 10-12 | 13-15 | 16-18 || total
-------------------------+-------+-------+-------+-------+-------+-------++-------
Melee: Dagger            |    49 |   200 |   126 |   375 |  1174 |   641 ||  2565
 Cast: Corona            |     2 |       |       |       |     2 |       ||     4
       Ensorcelled Hiber |    20 |    62 |    61 |   141 |   191 |   120 ||   595
       Confuse           |       |    12 |    27 |    68 |   103 |    88 ||   298
       Tukima's Dance    |       |       |       |    31 |    13 |       ||    44
       Shroud of Golubri |       |       |       |     1 |    19 |    23 ||    43
       Blink             |       |       |       |     1 |     1 |    11 ||    13
       Invisibility      |       |       |       |       |    25 |    18 ||    43
       Regeneration      |       |       |       |       |     7 |    12 ||    19
       Deflect Missiles  |       |       |       |       |       |     1 ||     1
       Summon Butterflie |       |       |       |       |       |     1 ||     1
       Shock             |       |       |       |       |       |   129 ||   129
  Use: Scroll            |     1 |     1 |     2 |    16 |    18 |     1 ||    39
       Potion            |       |       |       |       |     1 |     1 ||     2
 Stab: Sleeping          |    22 |    46 |    51 |   118 |   207 |   143 ||   587
       Distracted        |       |     1 |     2 |     7 |    18 |     2 ||    30
       Confused          |       |     4 |     7 |    33 |    69 |    43 ||   156
       Invisible         |       |       |       |       |   157 |    80 ||   237
  Eat: Ration            |       |     5 |       |     5 |    14 |     9 ||    33
Armor: Robe              |     1 |    20 |     5 |     4 |    11 |       ||    41
       Animal skin       |       |       |       |       |    15 |    64 ||    79
Dodge: Dodged            |    38 |   227 |   119 |   272 |   625 |   870 ||  2151
       Deflected         |       |       |       |       |       |     3 ||     3
Block: Buckler           |       |       |       |       |   287 |   383 ||   670
       Reflection        |       |       |       |       |     1 |     4 ||     5
